 Dungeon Crawl Stone Soup version 0.26-a0-682-g294304f6e8 (webtiles) character file.

Game seed: 5250467114217582261

(classic levelgen) 61 EnegeticOcto the Sneak (level 4, -2/34 HPs)
             Began as a Barachi Wanderer on Oct 20, 2020.
             Slain by a goblin
             ... wielding a +0 dagger
             ... led by Robin
              (6 damage)
             ... on level 2 of the Dungeon.
             The game lasted 00:01:53 (1651 turns).

EnegeticOcto the Sneak (Barachi Wanderer)           Turns: 1651, Time: 00:01:53

Health: -2/34      AC:  4    Str: 20    XL:     4   Next: 7%
Magic:  7/7        EV: 11    Int: 13    God:
Gold:   41         SH:  0    Dex: 11    Spells: 7/7 levels left

rFire    . . .     SeeInvis .   l - +1 spear
rCold    . . .     Faith    .   (no shield)
rNeg     . . .     Spirit   .   g - +0 leather armour (curse)
rPois    .         Reflect  .   j - +0 helmet
rElec    .         Harm     .   (no cloak)
rCorr    .         Rampage  .   (no gloves)
MR       .....                  (no boots)
Stlth    +.........             k - amulet of inaccuracy (curse)
HPRegen  0.11/turn              e - ring of attention (curse)
MPRegen  0.10/turn              p - +6 ring of strength

@: can't hop, lightly drained, slow
A: +LOS, swims, slowness 1, strong legs 1
a: Hop


You were on level 2 of the Dungeon.
You visited 1 branch of the dungeon, and saw 2 of its levels.

You collected 41 gold pieces.

Inventory:

Hand Weapons
 l - a +1 spear (weapon)
Armour
 d - a +0 robe
 g - a cursed +0 leather armour (worn)
 j - a +0 helmet (worn)
Jewellery
 e - a cursed ring of attention (left hand)
 i - an uncursed amulet of magic regeneration {unknown}
 k - a cursed amulet of inaccuracy (around neck)
 p - a +6 ring of strength (right hand)
Wands
 m - a wand of paralysis (11)
Potions
 b - a potion of magic {unknown}
 c - 2 potions of curing {@q1 !q}
 f - a potion of heal wounds {@q2 !q}
 h - 2 potions of ambrosia
 n - a potion of lignification {unknown}
 o - a potion of brilliance {unknown}


   Skills:
 + Level 2.5 Fighting
   Level 1.1(1.0) Maces & Flails
 - Level 2.4 Armour
 - Level 3.0(2.9) Stealth
 - Level 2.1 Spellcasting
   Level 2.1 Translocations
   Level 1.1(1.0) Fire Magic
 - Level 1.1(1.0) Evocations


You had 7 spell levels left.
You didn't know any spells.
Your spell library contained the following spells:

 Spells                   Type           Power        Failure   Level
 Pain                     Necr           #...         28%         1
 Vampiric Draining        Necr           #.........   65%         3


Dungeon Overview and Level Annotations

Branches:
Dungeon (2/15)

Altars:
Yredelemnul

Annotations:
D:2 Robin


Innate Abilities, Weirdness & Mutations

You can be seen from farther away. (+LOS)
You can swim through water.
You cover ground slowly.
You can hop short distances.


Message History

A goblin comes into view. It is wielding a +0 dagger.
The goblin shouts!
You hear a shout! x3
A goblin comes into view. It is wielding a +0 club.
A hobgoblin comes into view.
You hear a shout!
The goblin shouts!
There are monsters nearby!
There are monsters nearby!
You reach to attack!
You closely miss the goblin.
The hobgoblin shouts!
You miss the goblin. The goblin hits you but does no damage.
You closely miss the hobgoblin.
The goblin hits you with a cursed +0 dagger.
A goblin comes into view. It is wielding a +0 dagger.
The hobgoblin hits you but does no damage.
You barely miss the hobgoblin. The hobgoblin barely misses you.
You barely miss the hobgoblin.
The goblin hits you with a cursed +0 dagger.
Robin of the Strong Arm comes into view.
They are wielding a +0 mace.
The hobgoblin closely misses you.
You closely miss the hobgoblin. The goblin closely misses you.
The goblin barely misses you.
Robin's horned helmet rattles.
The hobgoblin hits you.
A hobgoblin comes into view. It is wielding a +0 club.
The hobgoblin shouts!
You puncture the hobgoblin!
You kill the hobgoblin!
The goblin closely misses you. The goblin barely misses you.
The goblin hits you but does no damage.
You puncture the goblin!
You kill the goblin!
The goblin closely misses you. Robin throws the goblin at you!
The goblin misses you.
You closely miss the goblin. The goblin hits you but does no damage.
A hobgoblin comes into view.
The goblin closely misses you.
You barely miss Robin. The goblin closely misses you.
The hobgoblin barely misses you. Robin barely misses you.
The goblin closely misses you.
You hit Robin.
Robin is moderately wounded.
A hobgoblin comes into view. It is wielding a +0 club.
The goblin hits you with a +0 club.
The hobgoblin hits you but does no damage.
The goblin hits you but does no damage.
Robin roars a battlecry!
The goblins go into a battle-frenzy!
You hear a shout! x2
You hit Robin but do no damage.
Robin is moderately wounded.
The goblin barely misses you. The hobgoblin hits you with a +0 club.
The goblin hits you with a cursed +0 dagger.
A goblin comes into view. It is wielding a +0 dagger.
Robin throws the goblin at you!
You are too injured to fight recklessly!
You are too injured to fight recklessly!
You are too injured to fight recklessly!
You are too injured to fight recklessly!
You are too injured to fight recklessly!
You are too injured to fight recklessly!
You are too injured to fight recklessly!
You are too injured to fight recklessly!
You are too injured to fight recklessly!
You are too injured to fight recklessly!
You are too injured to fight recklessly!
You are too injured to fight recklessly!
You are too injured to fight recklessly!
You are too injured to fight recklessly!
You are too injured to fight recklessly!
You are too injured to fight recklessly!
You are too injured to fight recklessly!
You are too injured to fight recklessly!
Press: ? - help, v - describe, . - travel, g - get item
Here: Robin, wielding a +0 mace, wearing a +0 animal skin and wearing a +0 helmet (moderately wounded) Item here: a +0 dagger.
The floor.
Press: ? - help, Dir - move target cursor, p - goblin Boing!
The goblin barely misses you. The goblin hits you but does no damage.
You see here an adder corpse.
Robin roars a battlecry!
The goblin hits you with a cursed +0 dagger.
You miss the goblin.
A hobgoblin comes into view. It is wielding a +0 club.
The goblin closely misses you.
You closely miss the goblin. The goblin hits you but does no damage.
You hit the goblin.
You kill the goblin!
The goblin no longer looks unusually strong.
The hobgoblin hits you with a +0 club.
You hit the hobgoblin.
The hobgoblin is lightly wounded.
Robin throws the goblin at you! The goblin hits you with a +0 dagger.
The hobgoblin hits you with a +0 club.
* * * LOW HITPOINT WARNING * * *
You closely miss the hobgoblin. The goblin hits you with a +0 dagger.
* * * LOW HITPOINT WARNING * * *
Robin roars a battlecry!
The goblin hits you with a +0 dagger.
You die...

#......##
#g..##....# ##.
##...# # # ##†.#
#.# ##g.# #..#
##.gg# ##..#
##..#g# .....#
##..##g#
......###..###@#
..........## #g#
...>#.#.####..#
... #...# #...#
....###.###.#.#
....###.....#.#
#.....###....#
##).........##
#.##.......#


You could see Robin, 3 hobgoblins and 2 goblins.

Vanquished Creatures
  2 adders (D:2)
  An ooze (D:1)
  3 dart slugs
  A ball python (D:2)
  A giant cockroach (D:1)
  5 goblins
  4 hobgoblins
  4 kobolds (D:1)
  5 bats
  A frilled lizard (D:1)
  7 rats
  A spectral orc (D:2)
35 creatures vanquished.

Notes
Turn   | Place    | Note
-------+----------+-------------------------------------------
     0 | D:1      | EnegeticOcto the Barachi Wanderer began the quest for the
                  | Orb.
     0 | D:1      | EnegeticOcto set off with the following items: a +2 mace, a
                  | potion of curing {@q1 !q}, a +0 robe; and the following
                  | spell memorised: Pain; and the following spells available
                  | to memorise: Vampiric Draining
     0 | D:1      | Reached XP level 1. HP: 13/13 MP: 3/3
   330 | D:1      | Reached skill level 2 in Stealth
   330 | D:1      | Reached XP level 2. HP: 13/19 MP: 5/5
   726 | D:1      | Reached XP level 3. HP: 24/24 MP: 6/6
   988 | D:1      | Reached skill level 3 in Stealth
  1210 | D:2      | Found a basalt altar of Yredelemnul.
  1352 | D:2      | Reached skill level 1 in Fighting
  1521 | D:2      | Reached skill level 2 in Fighting
  1521 | D:2      | Reached XP level 4. HP: 26/34 MP: 7/7
  1632 | D:2      | Noticed Robin
  1651 | D:2      | Slain by a goblin

Illustrated notes

Levels and vault maps discovered:
D:1:      minmay_arrival_four_loops, layout_basic
D:2:      layout_rooms, yredelemnul_forgotten_temple_becter, serial_rivers,
          chequers_serial_rivers_small_b, chequers_serial_rivers_small_3,
          chequers_serial_rivers_micro_e, chequers_serial_rivers_large_a,
          chequers_serial_rivers_micro_e, chequers_serial_rivers_micro_a,
          nemelex_lonely_heart_becter, uniq_robin

Skill      XL: |  1  2  3 |
---------------+----------+-----
Stealth        | 2 3 |  3.0
Fighting       | 2 |  2.5
Maces & Flails | |  1.1
Armour         | |  2.4
Spellcasting   | |  2.1
Translocations | |  2.1
Fire Magic     | |  1.1
Evocations     | |  1.1

Action                   |  1- 3 |  4- 6 || total
-------------------------+-------+-------++-------
Melee: Mace              |    52 |       ||    52
       Spear             |    79 |    17 ||    96
 Abil: Hop               |       |     1 ||     1
  Use: Scroll            |     8 |       ||     8
Armor: Leather armour    |    55 |     7 ||    62
Dodge: Dodged            |    85 |    16 ||   101

Table legend: (Time is in decaauts)
 A = Elapsed time spent in this place.
 B = Non-inter-level travel time spent in this place.
 C = Inter-level travel time spent in this place.
 D = Time resting spent in this place.
 E = Time spent auto-exploring this place.
 F = Levels seen in this place.
 G = Mean time per level.
                   A        B        C        D        E       F      G
               +--------+--------+--------+--------+--------+-----+--------+
         Total |   1814 |   1807 |      7 |      0 |   1434 |   2 |  907.0 |
       Dungeon |   1814 |   1807 |      7 |      0 |   1434 |   2 |  907.0 |
               +--------+--------+--------+--------+--------+-----+--------+

Top non-repeatable levels by time:
     D:1: 1274 daAuts
     D:2: 540 daAuts
